 Dungeon Crawl Stone Soup version 0.30-a0-29-g142975f185 (webtiles) character file.

Game seed: 7826227848304010549

87 Ordine the Conjurer (level 4, -6/24 HPs)
             Began as a Deep Elf Conjurer on Aug 26, 2022.
             Killed by divine providence
             ... invoked by an orc priest
              (12 damage)
             ... on level 3 of the Dungeon.
             The game lasted 00:06:58 (2939 turns).

Ordine the Conjurer (Deep Elf Conjurer)             Turns: 2939, Time: 00:06:59

Health: -6/24      AC:  3    Str:  4    XL:     4   Next: 28%
Magic:  2/11       EV: 13    Int: 25    God:
Gold:   185        SH:  0    Dex: 13    Spells: 3/10 levels left

rFire   . . .      SeeInvis .    (no weapon)
rCold   . . .      Faith    .    (no shield)
rNeg    . . .      Spirit   .    a - +0 robe
rPois   .          Reflect  .    (no helmet)
rElec   .          Harm     .    (no cloak)
rCorr   +          Rampage  .    k - +0 pair of gloves
Will    .....                    (no boots)
Stlth   ++........               (no amulet)
HPRegen 0.08/turn                d - ring of resist corrosion
MPRegen 0.12/turn                (no ring)

@: no status effects
A: no striking features
a: no special abilities


You were on level 3 of the Dungeon.
You visited 1 branch of the dungeon, and saw 3 of its levels.

You collected 185 gold pieces.

Inventory:

Armour
 a - a +0 robe (worn)
 k - a +0 pair of gloves (worn)
Magical Staves
 l - a staff of cold
Jewellery
 d - a ring of resist corrosion (left hand)
Scrolls
 f - 5 scrolls of teleportation {unknown}
 i - a scroll of vulnerability {unknown}
 j - 2 scrolls of blinking {unknown}
 m - 3 scrolls of poison {unknown}
 p - 2 scrolls of identify {unknown}
 s - a scroll of amnesia {unknown}
 t - a scroll of silence {unknown}
Potions
 b - a potion of magic
 c - a potion of invisibility {unknown}
 e - a potion of berserk rage {unknown}
 g - 4 potions of curing {unknown}
 h - a potion of might {unknown}
 n - a potion of haste {unknown}
 o - a potion of lignification {unknown}
 q - a potion of cancellation {unknown}
 r - a potion of attraction {unknown}


   Skills:
 + Level 0.4 Fighting
 + Level 0.5 Armour
 + Level 3.2 Dodging
 + Level 3.3 Stealth
 + Level 3.9 Spellcasting
 * Level 5.0 Conjurations
 + Level 0.0 Translocations


You had 3 spell levels left.
You knew the following spells:

 Your Spells              Type           Power      Damage    Failure   Level
a - Magic Dart            Conj           100%       1d8       1%          1
b - Searing Ray           Conj           60%        2d6       1%          2
c - Iskenderun's Mystic   Conj/Tloc      17%        2d5       32%         4

Your spell library contained the following spells:

 Spells                   Type           Power      Damage    Failure   Level
 Necrotise                Necr           16%        1d4       10%         1
 Dazzling Flash           Conj/Hex       34%        N/A       10%         3
 Vampiric Draining        Necr           4%         2d6       28%         3
 Fulminant Prism          Conj/Hex       8%         3d7       32%         4
 Agony                    Necr           4%         N/A       95%         5


Dungeon Overview and Level Annotations

Branches:
Dungeon (3/15)

Altars:
Uskayaw
Xom


Message History

The searing ray hits the orc.
The orc is severely wounded. (Press . to maintain the ray.)
The orc priest invokes the aid of Beogh against you.
Beogh smites you!
Unknown command.
The searing ray misses the orc.
The searing ray hits the orc.
You kill the orc!
The searing ray hits the orc.
The orc is severely wounded.
The searing ray hits the orc!
You kill the orc!
The orc misses you.
The searing ray misses the orc.
You finish channelling your searing ray.
The orc misses you.
Casting: Searing Ray (safe; 1% risk of failure)
Confirm with . or Enter, or press ? or * to list all spells.
Aiming: Searing Ray (safe; 1% risk of failure)
Press: ? - help, Shift-Dir - straight line, f - orc priest
Aim: an orc priest, wielding a +0 hand axe (79% to hit)
The searing ray hits the orc but does no damage.
The orc is severely wounded.
The searing ray hits the orc priest.
The orc priest is heavily wounded. (Press . to maintain the ray.)
The orc priest shouts!
A goblin comes into view. It is wielding a +3 dagger of pain.
The orc priest mumbles some strange prayers to Beogh against you.
Beogh smites you!
* * * LOW HITPOINT WARNING * * *
The orc closely misses you.
The searing ray hits the orc!
You kill the orc!
The searing ray hits the orc priest.
The orc priest is severely wounded.
The orc priest mumbles some strange prayers to Beogh against you.
Beogh smites you!
Ouch! That really hurt!
You die...

##.# # ...# .. ##
#.g# #)#. #..####
.<.#oo...# #.#
#.#)###.# #####.#
#.).....# .....>#
#.#)##### ......#
#######@# ......#
#.......# ......#
#.#######
).....####.####
..............#
.....#####.##.###
.....# #......#
.....# ####.#.#
###### #...#.#


You could see 2 orc priests and a goblin.

Vanquished Creatures
  2 adders
  3 dart slugs
  4 orcs (D:3)
  8 ball pythons
  3 endoplasms
  A giant cockroach (D:1)
  6 goblins
  4 hobgoblins
  3 jackals (D:1)
  7 kobolds
  3 quokkas (D:1)
  4 bats (D:1)
  2 frilled lizards (D:3)
  9 rats
59 creatures vanquished.

Vanquished Creatures (others)
  A fungus (D:1)
1 creature vanquished.

Grand Total: 60 creatures vanquished

Notes
Turn   | Place    | Note
-------+----------+-------------------------------------------
     0 | D:1      | Ordine the Deep Elf Conjurer began the quest for the Orb.
     0 | D:1      | Reached XP level 1. HP: 10/10 MP: 6/6
   426 | D:1      | Found a faded altar of an unknown god.
   506 | D:1      | Reached XP level 2. HP: 15/15 MP: 6/8
   534 | D:1      | Learned a level 2 spell: Searing Ray
   987 | D:1      | Reached XP level 3. HP: 19/19 MP: 8/10
  2297 | D:3      | Reached XP level 4. HP: 21/24 MP: 7/11
  2302 | D:3      | Learned a level 4 spell: Iskenderun's Mystic Blast
  2360 | D:3      | Found a shimmering altar of Xom.
  2617 | D:3      | Found a hide-covered altar of Uskayaw.
  2618 | D:3      | Noticed a +0 dagger
  2619 | D:3      | Noticed a +0 dagger
  2855 | D:3      | Reached skill level 5 in Conjurations
  2939 | D:3      | Killed from afar by an orc priest

Illustrated notes

Levels and vault maps discovered:
D:1:      dpeg_arrival_water_fire, layout_loops_ring,
          shapermc_ecumenical_altar_gd, minmay_box_of_dots
D:2:      minmay_alternating_diamond, layout_basic
D:3:      layout_basic, mainiacjoe_overflow_surrounded_room,
          dancing_weapons_uskayaw, ebering_ghost_inner_flame,
          ebering_dispersal_statue_hall

Skill      XL: |  1  2  3  4 |
---------------+-------------+-----
Stealth        | 3 |  3.3
Dodging        | 3 |  3.2
Conjurations   | 5 |  5.0
Fighting       | |  0.4
Armour         | |  0.5
Spellcasting   | |  3.9

Action                   |  1- 3 |  4- 6 || total
-------------------------+-------+-------++-------
Melee: Unarmed           |     4 |       ||     4
 Cast: Magic Dart        |    78 |    20 ||    98
       Searing Ray       |     3 |     3 ||     6
Armor: Robe              |     1 |       ||     1
Dodge: Dodged            |     4 |     4 ||     8

Table legend: (Time is in decaauts)
 A = Elapsed time spent in this place.
 B = Non-inter-level travel time spent in this place.
 C = Inter-level travel time spent in this place.
 D = Time resting spent in this place.
 E = Time spent auto-exploring this place.
 F = Levels seen in this place.
 G = Mean time per level.
                   A        B        C        D        E       F      G
               +--------+--------+--------+--------+--------+-----+--------+
         Total |   2938 |   2912 |     26 |      0 |   2642 |   3 |  979.3 |
       Dungeon |   2938 |   2912 |     26 |      0 |   2642 |   3 |  979.3 |
               +--------+--------+--------+--------+--------+-----+--------+

Top non-repeatable levels by time:
     D:1: 1454 daAuts
     D:3: 797 daAuts
     D:2: 685 daAuts
